 Dungeon Crawl Stone Soup version 0.28-a0-620-g539b0f7ac7 (webtiles) character file.

Game seed: 831934986251190211

39 mordus the Chopper (level 3, -1/31 HPs)
             Began as a Hill Orc Monk on Oct 6, 2021.
             Slain by Ijyb (4 damage)
             ... on level 3 of the Dungeon.
             The game lasted 00:01:26 (1578 turns).

mordus the Chopper (Hill Orc Monk)                  Turns: 1578, Time: 00:01:26

Health: -1/31      AC:  6    Str: 14    XL:     3   Next: 45%
Magic:  3/3        EV:  9    Int: 16    God:
Gold:   87         SH:  0    Dex: 13    Spells: 2/2 levels left

rFire   + . .      SeeInvis .   a - +0 hand axe
rCold   . . .      Faith    .   (no shield)
rNeg    . . .      Spirit   .   l - +0 scale mail {rF+}
rPois   .          Reflect  .   (no helmet)
rElec   .          Harm     .   (no cloak)
rCorr   .          Rampage  .   (no gloves)
Will    .....                   (no boots)
Stlth   ..........              (no amulet)
HPRegen 0.10/turn               g - +6 ring of intelligence
MPRegen 0.08/turn               (no ring)

@: no status effects
A: no striking features
a: no special abilities


You were on level 3 of the Dungeon.
You visited 1 branch of the dungeon, and saw 3 of its levels.

You collected 87 gold pieces.

Inventory:

Hand Weapons
 a - a +0 hand axe (weapon)
Armour
 l - a +0 scale mail of fire resistance (worn)
Jewellery
 g - a +6 ring of intelligence (left hand)
Scrolls
 c - a scroll of noise {unknown}
 f - a scroll of silence {unknown}
 i - 3 scrolls of identify {unknown}
 k - a scroll of acquirement {unknown}
Potions
 e - a potion of haste {unknown}
 h - a potion of curing {unknown}
 j - a potion of flight {unknown}


   Skills:
 - Level 3.6 Fighting
 * Level 5.3 Axes
 + Level 1.6 Armour
 - Level 2.4 Dodging
 - Level 1.5 Stealth


You had 2 spell levels left.
You didn't know any spells.
Your spell library contained the following spells:

 Spells                   Type           Power      Damage    Failure   Level
 Static Discharge         Conj/Air       0%         N/A       85%         2
 Olgreb's Toxic Radiance  Pois           0%         N/A       100%        4
 Lightning Bolt           Conj/Air       0%         1d11      100%        5
 Ozocubu's Refrigeration  Ice            0%         4d5       100%        7
 Ignition                 Fire           0%         3d3       100%        8
 Maxwell's Capacitive Co  Air            0%         ∞         100%        8


Dungeon Overview and Level Annotations

Branches:
Dungeon (3/15)

Altars:

Annotations:
D:3 Ijyb, Robin


Message History

You kill the goblin!
You barely miss Ijyb. You hit the goblin.
You kill the goblin!
You hit the goblin.
You kill the goblin!
Ijyb hits you with a +2 vampiric dagger!
There is a stone staircase leading up, spattered with blood here.
Things that are here:
a +0 dagger; a +0 club; a goblin corpse You closely miss Ijyb.
Ijyb hits you with a +2 vampiric dagger.
Your scale mail prevents you from hitting Ijyb.
Ijyb hits you with a +2 vampiric dagger.
You hit Ijyb but do no damage. Ijyb hits you but does no damage.
You barely miss Ijyb.
Ijyb hits you with a +2 vampiric dagger.
You are too injured to fight recklessly!
You are too injured to fight recklessly!
You are too injured to fight recklessly!
You are too injured to fight recklessly!
You are too injured to fight recklessly!
You are too injured to fight recklessly!
You hit Ijyb but do no damage. Ijyb closely misses you.
You barely miss Ijyb. Ijyb closely misses you.
You hit Ijyb but do no damage.
Ijyb zaps a wand.
The puff of flame hits you. You resist.
You hit Ijyb.
Ijyb is moderately wounded.
Robin says, "My army is invincible!"
Ijyb hits you with a +2 vampiric dagger.
Ijyb draws strength from your wounds!
You barely miss Ijyb.
Ijyb is lightly wounded.
Ijyb hits you with a +2 vampiric dagger!
* * * LOW HITPOINT WARNING * * *
Ijyb draws strength from your wounds!
You hit Ijyb but do no damage.
Ijyb is lightly wounded.
Ijyb hits you with a +2 vampiric dagger.
You die...

#........##
#.........#
#.........#
#.........#
#..)).....#
#)).).....#
#g..?.?...#
#g#.......#
#@#.#######
###.# ..#
###


You could see Ijyb (strong) and a hobgoblin (strong).

Vanquished Creatures
  A dart slug (D:1)
  A ball python (D:2)
  2 endoplasms
  2 giant cockroaches (D:1)
  12 goblins
  3 hobgoblins (D:1)
  2 kobolds (D:1)
  A quokka (D:1)
  5 bats
  A frilled lizard (D:1)
  2 rats (D:1)
32 creatures vanquished.

Notes
Turn   | Place    | Note
-------+----------+-------------------------------------------
     0 | D:1      | mordus the Hill Orc Monk began the quest for the Orb.
     0 | D:1      | Reached XP level 1. HP: 19/19 MP: 1/1
   371 | D:1      | Reached XP level 2. HP: 26/26 MP: 2/2
   503 | D:1      | Reached skill level 1 in Armour
   750 | D:1      | Found a faded altar of an unknown god.
   780 | D:1      | Reached skill level 5 in Axes
   849 | D:1      | Reached XP level 3. HP: 30/31 MP: 3/3
  1557 | D:3      | Noticed Ijyb
  1557 | D:3      | Noticed Robin
  1578 | D:3      | Slain by Ijyb

Illustrated notes

Levels and vault maps discovered:
D:1:      dpeg_arrival_short_road, layout_basic, ebering_ecumenical_altar_rust
D:2:      layout_basic
D:3:      layout_basic, serial_shops, nicolae_lakefront_shop,
          minmay_crystal_water, minmay_starry_boxes, uniq_ijyb, uniq_terence,
          uniq_natasha, uniq_sigmund, uniq_robin, uniq_jessica

Skill      XL: |  1  2 |
---------------+-------+-----
Armour         | 1 |  1.6
Axes           | 5 |  5.3
Fighting       | |  3.6
Dodging        | |  2.4
Stealth        | |  1.5

Action                   || total
-------------------------++-------
Melee: Hand axe          ||    84
 Stab: Sleeping          ||     1
Armor: Scale mail        ||    58
Dodge: Dodged            ||    50

Table legend: (Time is in decaauts)
 A = Elapsed time spent in this place.
 B = Non-inter-level travel time spent in this place.
 C = Inter-level travel time spent in this place.
 D = Time resting spent in this place.
 E = Time spent auto-exploring this place.
 F = Levels seen in this place.
 G = Mean time per level.
                   A        B        C        D        E       F      G
               +--------+--------+--------+--------+--------+-----+--------+
         Total |   1582 |   1548 |     34 |      0 |   1275 |   3 |  527.3 |
       Dungeon |   1582 |   1548 |     34 |      0 |   1275 |   3 |  527.3 |
               +--------+--------+--------+--------+--------+-----+--------+

Top non-repeatable levels by time:
     D:1: 903 daAuts
     D:2: 657 daAuts
     D:3: 22 daAuts
